 Dungeon Crawl Stone Soup version 0.14-a0-1773-ge500af7 (webtiles) character file.

154 PolkaDot the Ruinous (level 4, -2/30 HPs)
             Began as a Vampire Conjurer on Jan 7, 2014.
             Slain by an orc priest
             ... wielding a +0,+0 orcish club
              (4 damage)
             ... on Level 3 of the Dungeon.
             The game lasted 00:08:51 (2044 turns).

PolkaDot the Ruinous (Vampire Conjurer)             Turns: 2044, Time: 00:08:52

HP  -2/30        AC  2     Str  7      XL: 4   Next: 32%
MP   0/7         EV 12     Int 18      God:
Gold 64          SH  0     Dex 14      Spells:  2 memorised,  4 levels left

rFire  + . .     SeeInvis +     t - +1,+4 hand axe
rCold  x . .     Clarity  .     a - +0 robe
rNeg   + . .     Conserve .     (no shield)
rPois  .         rCorr    .     (no helmet)
rElec  .         rRot     .     (no cloak)
SustAb . .       Spirit   .     (no gloves)
rMut   .         Warding  .     (no boots)
Saprov . . .     Stasis   .     (no amulet)
                                (no ring)
                                b - ring of fire

@: mildly poisoned, very slightly contaminated, slightly resistant to hostile
enchantments, stealthy
A: fangs 3, see invisible, unbreathing
a: Bat Form


You were on level 3 of the Dungeon.
You were not thirsty.

You visited 1 branch of the dungeon, and saw 3 of its levels.

You collected 64 gold pieces.

Inventory:

Hand weapons
 l - a +2,+1 elven dagger of draining
 t - a +1,+4 hand axe (weapon)
Armour
 a - a +0 robe (worn)
Magical devices
 m - a wand of flame (12)
Scrolls
 d - a scroll of noise {unknown}
 e - a scroll of enchant weapon I {unknown}
 h - 5 scrolls of identify {unknown}
 i - a scroll of enchant armour {unknown}
 j - a scroll of curse jewellery {unknown}
 o - a scroll of blinking {unknown}
 p - a scroll of enchant weapon II {unknown}
 r - a scroll of remove curse {unknown}
 s - a scroll of amnesia {unknown}
 u - a scroll of teleportation {unknown}
Jewellery
 b - a ring of fire (left hand)
Potions
 f - 2 potions of speed {unknown}
 g - a potion of brilliance {unknown}
 k - 2 potions of resistance {unknown}
 n - 2 potions of agility {unknown}
 q - a potion of magic {unknown}
Books
 c - a book of Conjurations

   Spells                             Type                      Level
   *Magic Dart                        Conjuration                  1
   *Searing Ray                       Conjuration                  2
   Dazzling Spray                     Conjuration/Hexes            3
   Iskenderun's Mystic Blast          Conjuration                  4
   Iskenderun's Battlesphere          Conjuration/Charms           4
   Fulminant Prism                    Conjuration/Hexes            5


   Skills:
 - Level 2.1 Dodging
 - Level 3.0 Stealth
 - Level 2.0 Spellcasting
 * Level 4.4 Conjurations


You had 4 spell levels left.
You knew the following spells:

 Your Spells              Type           Power        Failure   Level  Hunger
a - Magic Dart            Conj           ###.         3%          1    #......
s - Searing Ray           Conj           ###...       6%          2    ##.....


Dungeon Overview and Level Annotations

Branches:
Dungeon (3/16)

Altars:
the Shining One


Innate Abilities, Weirdness & Mutations

You have razor-sharp teeth.*
You have supernaturally acute eyesight.
You can survive without breathing.*


Message History

You hit the orc priest.
The orc priest is almost dead.
* * * LOW HITPOINT WARNING * * *
You feel sick.
The orc priest glows brightly for a moment.
You barely miss the orc priest.
The orc priest is almost dead.
The orc priest hits you with an orcish club.
* * * LOW HITPOINT WARNING * * *
Casting: Searing Ray
Confirm with . or Enter, or press ? or * to list all spells.
Aiming: Searing Ray
Press: ? - help, Shift-Dir - straight line, f - orc priest
Aim: an orc priest, wielding an orcish club and wearing an orcish scale mail (almost dead)
You miscast Searing Ray.
You are very lightly contaminated with residual magic.
Your skin glows momentarily.
* * * LOW MAGIC WARNING * * *
The orc priest hits you with an orcish club.
You die...

#..........≈.≈......
#..........o⌠≈......
#..........≈.≈.##...
#..............# ..
#.<.......##.....
######..####$####
#..# #.#
#######..####.###
#...@o..........
#######..####.##
#######.)......##
#...................
#######............
#######..##########
#....[....#
######.........#
#.##..<...........?


You could see an orc priest.

Vanquished Creatures
  An adder (D:2)
  4 gnolls
  A giant gecko (D:1)
  2 ball pythons (D:2)
  2 giant cockroaches (D:1)
  4 hobgoblins
  2 jackals (D:3)
  2 bats (D:1)
  A giant newt (D:1)
  5 goblins
  7 kobolds
  5 rats
36 creatures vanquished.

Vanquished Creatures (others)
  Jessica (D:2)
  A ball python (D:2)
2 creatures vanquished.

Grand Total: 38 creatures vanquished

Notes
Turn   | Place    | Note
--------------------------------------------------------------
     0 | D:1      | PolkaDot, the Vampire Conjurer, began the quest for the Orb.
     0 | D:1      | Reached XP level 1. HP: 13/13 MP: 3/3
   296 | D:1      | Reached XP level 2. HP: 19/19 MP: 1/4
   331 | D:1      | Learned a level 2 spell: Searing Ray
   934 | D:1      | Reached XP level 3. HP: 22/24 MP: 0/6
  1016 | D:2      | Noticed Jessica
  1020 | D:2      | Killed Jessica
  1535 | D:2      | Reached skill level 4 in Conjurations
  1606 | D:2      | HP: 1/24 [gnoll/spear (10)]
  1608 | D:2      | Reached XP level 4. HP: 1/30 MP: 2/7
  1891 | D:2      | Found a glowing golden altar of the Shining One.
  2044 | D:3      | Slain by an orc priest

Action                   |  1- 3 |  4- 6 || total
-------------------------+-------+-------++-------
Melee: Unarmed           |     6 |       ||     6
       Dagger            |    14 |     3 ||    17
       Hand axe          |       |     8 ||     8
 Cast: Magic Dart        |    39 |       ||    39
       Searing Ray       |     4 |     1 ||     5
  Use: Potion            |     2 |       ||     2
 Stab: Sleeping          |     1 |       ||     1
       Distracted        |       |     1 ||     1
